 Dungeon Sprint DCSS version 0.31-a0-963-ga325b2283a (webtiles) character file.

Game seed: 6570422708579059621

7644 sircluck the Brawler (level 10, -3/115 (119) HPs)
             Began as a Troll Berserker on Oct 25, 2023.
             Was an Elder of Trog.
             Slain by a profane servitor
             ... wielding a +1 whip
              (11 damage)
             ... in the Dungeon (Sprint VII: "The Pits").
             The game lasted 00:03:38 (996 turns).

sircluck the Brawler (Troll Berserker)               Turns: 996, Time: 00:03:39

HP:   -3/115 (119)  AC:  6    Str: 34    XL:     10   Next: 99%
MP:   9/9           EV: 16    Int:  3    God:    Trog [****..]
Gold: 0             SH:  0    Dex:  9    Spells: 9/9 levels left

rFire   . .          .
                       - Unarmed
rCold   . . .        (no shield)
rNeg    + . .        g - +2 robe {rN+}
rPois   .            (helmet restricted)
rElec   .            (no cloak)
rCorr   .            (gloves unavailable)
SInv    .            (boots unavailable)
Will    .....        (no amulet)
Stlth   +            k - +3 ring of strength
HPRegen 1.19/turn    n - +3 ring of evasion
MPRegen 0.11/turn

%: no teleportation
@: frozen, wreathed by umbra, lightly drained, very slow
A: large, unfitting armour, claws 3, regeneration 1, shaggy fur 1, tough skin 1
a: Renounce Religion, Berserk, Trog's Hand, Brothers in Arms


You were in the Dungeon.
You worshipped Trog.
Trog was greatly pleased with you.
You visited 1 branch

Inventory:

Armour
 a - a +0 animal skin
 g - a +2 robe of positive energy (worn)
Jewellery
 k - a +3 ring of strength (left claw)
 n - a +3 ring of evasion (right claw)
Scrolls
 i - 2 scrolls of vulnerability
Potions
 b - 7 potions of curing
 c - 7 potions of heal wounds
 d - 2 potions of haste
 e - 4 potions of magic
 f - 4 potions of berserk rage
 h - 2 potions of invisibility
 l - 2 potions of might
 m - a potion of mutation
 o - a potion of resistance


   Skills:
 + Level 13.0 Fighting
 + Level 5.8 Armour
 + Level 12.9 Dodging
 + Level 15.2 Unarmed Combat


You had 9 spell levels left.
You didn't know any spells.
Your spell library was empty.

Dungeon Overview and Level Annotations

Branches:
Dungeon (1/1)

Altars:
Ashenzari
Cheibriados
Dithmenos
Elyvilon
Fedhas
Gozag
Hepliaklqana
Kikubaaqudgha
Makhleb
Nemelex Xobeh
Okawaru
Qazlal
Ru
Sif Muna
Trog
Uskayaw
Vehumet
Wu Jian
Xom
Yredelemnul
Zin
The Shining One
Jiyva
Lugonu


Innate Abilities, Weirdness & Mutations

You are too large for most types of armour.
You have claws for hands.
Your natural rate of healing is unusually fast.
You are covered in fur. (AC +1)
You have tough skin. (AC +1)


Message History

Your butterfly dies!
Your butterfly disappears in a burst of colours!
Unknown command.
You swap places.
The profane servitor hits you but does no damage.
The profane servitor hits you with a +1 whip!
* * * LOW HITPOINT WARNING * * *
You partially resist.
You feel drained.
* * * LOW HITPOINT WARNING * * *
The rime drake closely misses your butterfly.
The profane servitor hits your butterfly with a +1 whip!!
Your butterfly dies!
Your butterfly disappears in a burst of colours!
The merfolk hits you from afar with a +0 glaive!
* * * LOW HITPOINT WARNING * * *
The profane servitor closely misses you.
The profane servitor hits you with a +1 whip!
* * * LOW HITPOINT WARNING * * *
You partially resist.
You feel drained.
* * * LOW HITPOINT WARNING * * *
The rime drake bites your butterfly.
Your butterfly dies!
Your butterfly disappears in a burst of colours!
The merfolk misses you.
The profane servitor hits your butterfly with a +1 whip!
Your butterfly dies!
Your butterfly disappears in a burst of colours!
Unknown command.
Found Eringya's Compilation of the Dose and the Shapeshifter.
The profane servitor hits your butterfly with a +1 whip!!
Your butterfly dies!
Your butterfly disappears in a burst of colours!
The merfolk hits your two-headed ogre but does no damage.
Your two-headed ogre hits the merfolk with a +0 giant club!
Your two-headed ogre closely misses the merfolk.
The profane servitor hits you with a +1 whip.
* * * LOW HITPOINT WARNING * * *
The profane servitor draws strength from your injuries!
The profane servitor hits you with a +1 whip!
You die...

#..........+ ###''####''#
###''####''#######
#......##.........
#.#+##.##.........
#.#b.+.##..#######
#.bb:#.##..# #k#Obb.##..#
###++###########@Amm#.##..#
..........##..##A##m#.##..#
#..#......##..##.2.m..##..#
..........''..##########..#
......)†.†''..##########..#
#..#...†..##...........)..#
..........##..............#
###++######################
.#


You could see 2 profane servitors, a merfolk impaler, a balrug, 2 merfolk, a
rime drake and a friendly two-headed ogre (summoned, berserk).

Vanquished Creatures
  A Tzitzimitl (D)
  A deep elf pyromancer (D)
  An orange demon (D)
  A yaktaur (D)
  A komodo dragon (D)
  A guardian mummy (D)
  2 glass eyes (D)
  5 blink frogs (D)
  2 redbacks (D)
  A chaos spawn (D)
  A wight (D)
  5 killer bees (D)
  2 quasits (D)
  A mummy (D)
  2 gnolls (D)
  A river rat (D)
  A white imp (D)
  An orc (D)
  A bat (D)
  An endoplasm (D)
  2 giant cockroaches (D)
  A hobgoblin (D)
  3 frilled lizards (D)
  A giant cockroach zombie (D)
  A rat (D)
40 creatures vanquished.

Vanquished Creatures (collateral kills)
  Agnes (D)
  Urug (D)
  A demonic crawler (D)
  An unseen horror (D)
  A flying skull (D)
  A wyvern (D)
6 creatures vanquished.

Grand Total: 46 creatures vanquished

Notes
Turn   | Place    | Note
-------+----------+-------------------------------------------
     0 | D        | sircluck the Troll Berserker began the quest for the Orb.
     0 | D        | Reached XP level 1. HP: 22/22 MP: 0/0
    22 | D        | Found a bloodstained altar of Trog.
    22 | D        | Found a shimmering blue altar of Sif Muna.
    22 | D        | Found a viscous altar of Jiyva.
    22 | D        | Found a hazy altar of Hepliaklqana.
    22 | D        | Found an opulent altar of Gozag.
    23 | D        | Found a glowing golden altar of the Shining One.
    23 | D        | Found a glowing silver altar of Zin.
    23 | D        | Found a basalt altar of Yredelemnul.
    23 | D        | Found a shimmering altar of Xom.
    23 | D        | Found an ornate altar of the Wu Jian Council.
    23 | D        | Found a sacrificial altar of Ru.
    23 | D        | Found a stormy altar of Qazlal.
    23 | D        | Found an iron altar of Okawaru.
    23 | D        | Found a sparkling altar of Nemelex Xobeh.
    23 | D        | Found a burning altar of Makhleb.
    23 | D        | Found a blossoming altar of Fedhas.
    23 | D        | Found a white marble altar of Elyvilon.
    23 | D        | Found a shadowy altar of Dithmenos.
    23 | D        | Found a snail-covered altar of Cheibriados.
    25 | D        | Found a radiant altar of Vehumet.
    25 | D        | Found a corrupted altar of Lugonu.
    26 | D        | Found a hide-covered altar of Uskayaw.
    26 | D        | Found an ancient bone altar of Kikubaaqudgha.
    26 | D        | Found a broken altar of Ashenzari.
    68 | D        | Reached ** piety under Trog
    82 | D        | Reached skill level 4 in Unarmed Combat
    82 | D        | Reached XP level 2. HP: 22/31 MP: 1/1
    96 | D        | Noticed a glass eye
   110 | D        | Killed a glass eye
   110 | D        | Reached *** piety under Trog
   111 | D        | Reached skill level 7 in Unarmed Combat
   111 | D        | Reached XP level 3. HP: 44/44 MP: 2/2
   111 | D        | Reached XP level 4. HP: 52/52 MP: 3/3
   111 | D        | Reached XP level 5. HP: 59/59 MP: 4/4
   226 | D        | Reached **** piety under Trog
   245 | D        | Reached XP level 6. HP: 68/68 MP: 5/5
   262 | D        | Reached skill level 8 in Unarmed Combat
   279 | D        | Reached ***** piety under Trog
   318 | D        | Noticed a glass eye
   329 | D        | Killed a glass eye
   330 | D        | Reached skill level 9 in Unarmed Combat
   330 | D        | Reached XP level 7. HP: 79/79 MP: 6/6
   338 | D        | Noticed a demonic crawler
   338 | D        | Noticed Urug
   338 | D        | Noticed a flying skull
   343 | D        | Killed a demonic crawler
   344 | D        | Reached skill level 10 in Unarmed Combat
   344 | D        | Reached XP level 8. HP: 92/92 MP: 7/7
   346 | D        | Killed a flying skull
   347 | D        | Reached skill level 11 in Unarmed Combat
   350 | D        | Killed Urug
   351 | D        | Reached skill level 10 in Fighting
   351 | D        | Reached skill level 10 in Dodging
   461 | D        | Reached skill level 12 in Unarmed Combat
   461 | D        | Received a gift from Trog
   474 | D        | Reached XP level 9. HP: 87/102 MP: 8/8
   474 | D        | Noticed a guardian mummy
   478 | D        | Killed a guardian mummy
   523 | D        | Noticed Agnes
   528 | D        | Killed Agnes
   529 | D        | Reached skill level 13 in Unarmed Combat
   587 | D        | Killed an unseen horror
   711 | D        | Reached skill level 1 in Armour
   711 | D        | Reached XP level 10. HP: 115/115 MP: 6/9
   724 | D        | Noticed a deep elf pyromancer
   725 | D        | Noticed an orange demon
   732 | D        | Killed a deep elf pyromancer
   733 | D        | Reached skill level 14 in Unarmed Combat
   740 | D        | Killed an orange demon
   824 | D        | Reached ****** piety under Trog
   824 | D        | Identified the +7 dire flail of Brawling {flame, Will+}
                  | (Trog gifted it to you in the Dungeon)
   824 | D        | Received a gift from Trog
   869 | D        | Noticed a Tzitzimitl
   876 | D        | Killed a Tzitzimitl
   877 | D        | Reached skill level 5 in Armour
   877 | D        | Reached skill level 15 in Unarmed Combat
   984 | D        | Noticed a merfolk impaler
   984 | D        | Noticed a profane servitor
   985 | D        | Noticed a profane servitor
   988 | D        | Noticed a balrug
   996 | D        | Slain by a profane servitor

Illustrated notes

Levels and vault maps discovered:
D:        pitsprint [storerooms_1, entrance_room_1, metal_vault_8, armoury_1,
          mini_pit_1, grid_room_1, main_hall_1, silver_pit, the_coven_3,
          the_vestibule_1, steel_vault_5, golden_pit, hallway_of_sentries,
          crystal_vault_5, iron_vault_5, final_vault]

Skill      XL: |  1  2  3  4  5  6  7  8  9 10 |
---------------+-------------------------------+-----
Fighting       | 3 6 7 9 10 11 13 | 13.0
Dodging        | 3 6 7 9 10 11 12 | 12.9
Unarmed Combat | 4 7 9 10 12 13 15 | 15.2
Armour         | 1 5 |  5.8

Action                     |  1- 3 |  4- 6 |  7- 9 | 10-12 || total
---------------------------+-------+-------+-------+-------++-------
  Melee: Unarmed           |    25 |    37 |    37 |    41 ||   140
         Punch             |       |     1 |     2 |     1 ||     4
 Invoke: Brothers in Arms  |       |       |     3 |     3 ||     6
         Berserk           |       |       |     1 |     2 ||     3
    Use: Potion            |       |       |     3 |       ||     3
         Scroll            |       |       |     1 |     1 ||     2
 Armour: Animal skin       |     4 |    32 |    54 |       ||    90
         Robe              |       |       |     3 |    36 ||    39
  Dodge: Dodged            |     5 |    40 |    32 |    31 ||   108

Table legend: (Time is in decaauts)
 A = Elapsed time spent in this place.
 B = Non-inter-level travel time spent in this place.
 C = Inter-level travel time spent in this place.
 D = Time resting spent in this place.
 E = Time spent auto-exploring this place.
 F = Levels seen in this place.
 G = Mean time per level.
                   A        B        C        D        E       F      G
               +--------+--------+--------+--------+--------+-----+--------+
         Total |   1007 |    952 |     55 |    277 |    102 |   1 | 1007.0 |
       Dungeon |   1007 |    952 |     55 |    277 |    102 |   1 | 1007.0 |
               +--------+--------+--------+--------+--------+-----+--------+

Top non-repeatable levels by time:
       D: 1007 daAuts
